 Dungeon Sprint DCSS version 0.30-a0-782-ge64f9170bb (webtiles) character file.

Game seed: 3673586432552857135

0 octoduck the Shield-Bearer (level 1, -5/28 HPs)
             Began as a Minotaur Fighter on Feb 19, 2023.
             Slain by a lindwurm (7 damage)
             ... in the Dungeon (Sprint VII: "The Pits").
             The game lasted 00:00:54 (43 turns).

octoduck the Shield-Bearer (Minotaur Fighter)         Turns: 43, Time: 00:00:55

Health: -5/28      AC:  6    Str: 20    XL:     1   Next: 0%
Magic:  0/0        EV:  9    Int:  5    God:
Gold:   0          SH:  4    Dex:  9    Spells: 0/0 levels left

rFire   . . .      SeeInvis .    a - +0 war axe
rCold   . . .      Faith    .    c - +0 buckler
rNeg    . . .      Spirit   .    b - +0 scale mail
rPois   .          Reflect  .    (helmet restricted)
rElec   .          Harm     .    (no cloak)
rCorr   .          Rampage  .    (no gloves)
Will    .....      NoTele   +    (no boots) Stlth
                                 (no amulet)
HPRegen 0.24/turn                (no ring)
MPRegen 0.07/turn                (no ring)

@: mighty, berserking, very quick
A: horns 2, retaliatory headbutt
a: no special abilities


You were in the Dungeon.
You visited 1 branch

Inventory:

Hand Weapons
 a - a +0 war axe (weapon)
Armour
 b - a +0 scale mail (worn)
 c - a +0 buckler (worn)
Scrolls
 j - a scroll of blinking
Potions
 e - a potion of curing
 f - a potion of heal wounds
 g - a potion of haste
 h - 2 potions of magic


   Skills:
 - Level 3.6 Fighting
 + Level 2.4 Axes
 - Level 3.6 Armour
 - Level 3.6 Shields


You couldn't memorise any spells.
You didn't know any spells.
Your spell library was empty.

Dungeon Overview and Level Annotations

Branches:
Dungeon (1/1)

Altars:

Annotations:
D Edmund


Innate Abilities, Weirdness & Mutations

You have a pair of horns on your head.
You reflexively headbutt those who attack you in melee.


Message History

Press: ? - help, v - describe, . - travel A huge closed gate to the Grid Vault (Hard).
You open the huge gate.
There is a huge open gate to the Metal Vault (Medium) here.
There is a huge open gate to the Metal Vault (Medium) here.
Press: ? - help, v - describe, . - travel A closed gate.
You open the gate.
An iguana, Edmund and a lindwurm come into view.
Edmund is wielding a +5 flail of protection and wearing a +2 chain mail of cold resistance.
The iguana hisses angrily.
Edmund shouts!
The lindwurm roars!
You aren't carrying any items that you can evoke.
You feel very mighty all of a sudden.
There is an open gate here.
A red film seems to cover your vision as you go berserk!
You feel yourself moving faster!
You feel mighty! The lindwurm breathes flames at you.
The blast of flame hits you!!
Ouch! That really hurt!
* * * LOW HITPOINT WARNING * * *
You barely miss Edmund. You headbutt Edmund!
Edmund is moderately wounded.
You barely miss the iguana. The iguana completely misses you.
Edmund hits you with a +5 flail of protection.
* * * LOW HITPOINT WARNING * * *
You slice the lindwurm!!
The lindwurm is moderately wounded.
You slash the iguana! You hit Edmund. The lindwurm bites you.
* * * LOW HITPOINT WARNING * * *
The lindwurm barely misses you.
The lindwurm claws you but does no damage.
The iguana closely misses you.
Edmund hits you with a +5 flail of protection.
* * * LOW HITPOINT WARNING * * *
You hit Edmund but do no damage.
Edmund is heavily wounded.
You slash the iguana!
You kill the iguana!
You barely miss the lindwurm. The lindwurm bites you!
You die...

#.......##''#
#.......##..#
#.......##..#
#...<...##..####
#.......##..#..###
#.......##..#....##
#.......##..'.....#
##########..'†....+
#..@@....#
#..#k...##
#..#..### #..####
#..# #..# ####


You could see a lindwurm (catching breath) and Edmund.

Vanquished Creatures
  An iguana (D)
1 creature vanquished.

Notes
Turn   | Place    | Note
-------+----------+-------------------------------------------
     0 | D        | octoduck the Minotaur Fighter began the quest for the Orb.
     0 | D        | Reached XP level 1. HP: 19/19 MP: 0/0
    37 | D        | Noticed an iguana
    37 | D        | Noticed Edmund
    37 | D        | Noticed a lindwurm
    43 | D        | Killed an iguana
    43 | D        | Slain by a lindwurm

Illustrated notes

Levels and vault maps discovered:
D:        pitsprint [storerooms_1, entrance_room_1, metal_vault_1, armoury_2,
          mini_pit_1, grid_room_1, main_hall_1, silver_pit, the_coven_3,
          the_vestibule_1, steel_vault_2, golden_pit, hallway_of_sentries,
          crystal_vault_2, iron_vault_1, final_vault]

Action                     || total
---------------------------++-------
  Melee: War axe           ||     3
         Headbutt          ||     1
    Use: Potion            ||     2
 Armour: Scale mail        ||     1
  Dodge: Dodged            ||     3

Table legend: (Time is in decaauts)
 A = Elapsed time spent in this place.
 B = Non-inter-level travel time spent in this place.
 C = Inter-level travel time spent in this place.
 D = Time resting spent in this place.
 E = Time spent auto-exploring this place.
 F = Levels seen in this place.
 G = Mean time per level.
                   A        B        C        D        E       F      G
               +--------+--------+--------+--------+--------+-----+--------+
         Total |     43 |     43 |      0 |      0 |      0 |   1 |   43.0 |
       Dungeon |     43 |     43 |      0 |      0 |      0 |   1 |   43.0 |
               +--------+--------+--------+--------+--------+-----+--------+

Top non-repeatable levels by time:
       D: 43 daAuts
